| TOP OF THE 1ST |
|
Danville Veterans batting - Pitching for Quad Cities Angels : RHP Junior Phillips
|
|
Pitching: RHP Junior Phillips
|
|
|
Batting: RHB Henry Janssen
|
0-0: Ground out 3-1 (Groundball, 34, EV 81.3 MPH)
|
|
Batting: SHB Donnie Hill
|
0-0: Ground out 6-3 (Groundball, 56, EV 86.9 MPH)
|
|
Batting: LHB Mark Salas
|
0-0: Fly out, F8 (Flyball, 89D, EV 100.6 MPH)
|
| Top of the 1st over - 0 runs, 0 hits, 0 errors, 0 left on base; Danville 0 - Quad Cities 0 |
| BOTTOM OF THE 1ST |
|
Quad Cities Angels batting - Pitching for Danville Veterans : LHP Donald Johnson
|
|
Pitching: LHP Donald Johnson
|
|
|
Batting: RHB Mike Sharperson
|
0-0: Fly out, F7 (Flyball, 7, EV 88.8 MPH)
|
|
Batting: RHB Rolando Roomes
|
0-0: Called Strike 0-1: Ball 1-1: Called Strike 1-2: Strikes out swinging
|
|
Batting: LHB Bob Helsom
|
0-0: Ball 1-0: Ball 2-0: Ball 3-0: Called Strike 3-1: Foul Ball, location: 2F 3-2: Ground out U3 (Groundball, 34S, EV 90.0 MPH)
|
| Bottom of the 1st over - 0 runs, 0 hits, 0 errors, 0 left on base; Danville 0 - Quad Cities 0 |
| TOP OF THE 2ND |
|
Danville Veterans batting - Pitching for Quad Cities Angels : RHP Junior Phillips
|
|
Batting: RHB Barry Brunenkant
|
0-0: Foul Ball, location: 2F 0-1: Fly out, F9 (Flyball, 9LD, EV 98.1 MPH)
|
|
Batting: RHB Robert Gauci
|
0-0: Ground out 6-3 (Groundball, 6MD, EV 77.5 MPH)
|
|
Batting: RHB Ed Saavedra
|
0-0: Ball 1-0: Ground out 1-3 (Groundball, 34S, EV 68.1 MPH)
|
| Top of the 2nd over - 0 runs, 0 hits, 0 errors, 0 left on base; Danville 0 - Quad Cities 0 |
| BOTTOM OF THE 2ND |
|
Quad Cities Angels batting - Pitching for Danville Veterans : LHP Donald Johnson
|
|
Batting: RHB Greg Griffin
|
0-0: Called Strike 0-1: Called Strike 0-2: Ball 1-2: Ball 2-2: Foul Ball, location: 2F 2-2: Strikes out swinging
|
|
Batting: RHB Oscar Mejia
|
0-0: Ball 1-0: Called Strike 1-1: Swinging Strike 1-2: Fly out, F7 (Flyball, 7D, EV 94.4 MPH)
|
|
Batting: RHB Craig Walck
|
0-0: Called Strike 0-1: Swinging Strike 0-2: Ball 1-2: Strikes out swinging
|
| Bottom of the 2nd over - 0 runs, 0 hits, 0 errors, 0 left on base; Danville 0 - Quad Cities 0 |
| TOP OF THE 3RD |
|
Danville Veterans batting - Pitching for Quad Cities Angels : RHP Junior Phillips
|
|
Batting: RHB Vincent Pone
|
0-0: Foul Ball, location: 2F 0-1: Ball 1-1: Swinging Strike 1-2: Ball 2-2: Foul Ball, location: 2F 2-2: Strikes out swinging
|
|
Batting: RHB Jeff Moronko
|
0-0: Ball 1-0: Called Strike 1-1: Foul Ball, location: 2F 1-2: Ball 2-2: Fly out, F9 (Flyball, 9LM, EV 90.0 MPH)
|
|
Batting: RHB Jeff Hall
|
0-0: Ball 1-0: Ball 2-0: Called Strike 2-1: Ground out 6-3 (Groundball, 6, EV 103.8 MPH)
|
| Top of the 3rd over - 0 runs, 0 hits, 0 errors, 0 left on base; Danville 0 - Quad Cities 0 |
| BOTTOM OF THE 3RD |
|
Quad Cities Angels batting - Pitching for Danville Veterans : LHP Donald Johnson
|
|
Batting: RHB Vito Lucarelli
|
0-0: Called Strike 0-1: Swinging Strike 0-2: Foul Ball, location: 2F 0-2: Strikes out swinging
|
|
Batting: SHB Frank Diaz
|
0-0: Called Strike 0-1: DOUBLE (Flyball, 8RD, EV 94.4 MPH)
|
|
Batting: LHB Matteo Allucingoli
|
0-0: Ball 1-0: Swinging Strike 1-1: Called Strike 1-2: Fly out, F7 (Flyball, 78M, EV 93.8 MPH)
|
|
Batting: RHB Mike Sharperson
|
0-0: Ball 1-0: Called Strike 1-1: Ball 2-1: Ball 3-1: Foul Ball, location: 2F 3-2: Strikes out swinging
|
| Bottom of the 3rd over - 0 runs, 1 hit, 0 errors, 1 left on base; Danville 0 - Quad Cities 0 |
| TOP OF THE 4TH |
|
Danville Veterans batting - Pitching for Quad Cities Angels : RHP Junior Phillips
|
|
Batting: RHB Henry Janssen
|
0-0: Ball 1-0: Called Strike 1-1: Ball 2-1: Swinging Strike 2-2: Foul Ball, location: 2F 2-2: Foul Ball, location: 2F 2-2: Foul Ball, location: 2F 2-2: Ball 3-2: Foul Ball, location: 2F 3-2: Foul Ball, location: 2F 3-2: Base on Balls
|
|
Batting: SHB Donnie Hill
|
0-0: Ball 1-0: Fly out, F5 (Popup, 6S, EV 81.3 MPH)
|
|
Batting: LHB Mark Salas
|
0-0: Ball 1-0: Ball 2-0: Fly out, F8 (Flyball, 8LD, EV 105.0 MPH)
|
|
Batting: RHB Barry Brunenkant
|
0-0: Called Strike 0-1: Ball 1-1: Ball 2-1: Ball 3-1: Base on Balls Henry Janssen to second
|
|
Batting: RHB Robert Gauci
|
0-0: Foul Ball, location: 2F 0-1: Ball 1-1: Foul Ball, location: 2F 1-2: Fly out, F7 (Flyball, 78M, EV 88.1 MPH)
|
| Top of the 4th over - 0 runs, 0 hits, 0 errors, 2 left on base; Danville 0 - Quad Cities 0 |
| BOTTOM OF THE 4TH |
|
Quad Cities Angels batting - Pitching for Danville Veterans : LHP Donald Johnson
|
|
Batting: RHB Rolando Roomes
|
0-0: Ball 1-0: Fly out, F3 (Popup, 3SF, EV 85.6 MPH)
|
|
Batting: LHB Bob Helsom
|
0-0: Ball 1-0: Ball 2-0: Foul Ball, location: 2F 2-1: Ball 3-1: DOUBLE (Line Drive, 78XD, EV 106.9 MPH)
|
|
Batting: RHB Greg Griffin
|
0-0: Called Strike 0-1: Called Strike 0-2: Ball Wild Pitch! Bob Helsom to third 1-2: Ground out 6-3 (Groundball, 6, EV 88.8 MPH) Bob Helsom scores
|
|
Batting: RHB Oscar Mejia
|
0-0: Ball 1-0: Ground out U3 (Groundball, 34S, EV 68.8 MPH)
|
| Bottom of the 4th over - 1 run, 1 hit, 0 errors, 0 left on base; Danville 0 - Quad Cities 1 |
| TOP OF THE 5TH |
|
Danville Veterans batting - Pitching for Quad Cities Angels : RHP Junior Phillips
|
|
Batting: RHB Ed Saavedra
|
0-0: Called Strike 0-1: Ball 1-1: Ball 2-1: SINGLE (Line Drive, 78M, EV 106.3 MPH)
|
|
Batting: RHB Vincent Pone
|
0-0: Ball 1-0: Grounds into double play, 6-4-3 (Groundball, 6, EV 103.8 MPH)
|
|
Batting: RHB Jeff Moronko
|
0-0: Called Strike 0-1: Swinging Strike 0-2: Fly out, F6 (Popup, 6D, EV 71.3 MPH)
|
| Top of the 5th over - 0 runs, 1 hit, 0 errors, 0 left on base; Danville 0 - Quad Cities 1 |
| BOTTOM OF THE 5TH |
|
Quad Cities Angels batting - Pitching for Danville Veterans : LHP Donald Johnson
|
|
Batting: RHB Craig Walck
|
0-0: Ball 1-0: Ball 2-0: Ball 3-0: Base on Balls
|
|
Batting: RHB Vito Lucarelli
|
0-0: Called Strike 0-1: Sac Bunt to 3S - play at first, batter safe! Craig Walck to second
|
|
Batting: SHB Frank Diaz
|
0-0: Ball 1-0: Bunt missed! 1-1: Ball 2-1: Bunted foul 2-2: SINGLE (Line Drive, 3D, EV 94.4 MPH) Craig Walck to third Vito Lucarelli to second
|
|
Batting: LHB Matteo Allucingoli
|
0-0: Called Strike 0-1: Ball 1-1: Ball 2-1: Ball 3-1: Swinging Strike 3-2: Foul Ball, location: 2F 3-2: Grounds into fielders choice 1-2 (Groundball, 13S, EV 68.8 MPH) Vito Lucarelli to third Frank Diaz to second
|
|
Batting: RHB Mike Sharperson
|
0-0: Called Strike 0-1: SINGLE (Flyball, 6D, EV 93.1 MPH) Vito Lucarelli scores Frank Diaz to third Matteo Allucingoli to second
|
|
Batting: RHB Rolando Roomes
|
0-0: Ball 1-0: Ball 2-0: Foul Ball, location: 2F 2-1: Swinging Strike 2-2: Foul Ball, location: 2F 2-2: Ground out 6-3 (Groundball, P, EV 92.5 MPH) Frank Diaz scores Matteo Allucingoli to third Mike Sharperson to second
|
|
Batting: LHB Bob Helsom
|
0-0: Called Strike 0-1: Ball 1-1: Ball Wild Pitch! Matteo Allucingoli scores Mike Sharperson to third 2-1: Called Strike 2-2: Ball 3-2: Foul Ball, location: 2F 3-2: Strikes out swinging
|
| Bottom of the 5th over - 3 runs, 3 hits, 0 errors, 1 left on base; Danville 0 - Quad Cities 4 |
| TOP OF THE 6TH |
|
Danville Veterans batting - Pitching for Quad Cities Angels : RHP Junior Phillips
|
|
Batting: RHB Jeff Hall
|
0-0: Ball 1-0: Foul Ball, location: 2F 1-1: Called Strike 1-2: Ball 2-2: Ball 3-2: SINGLE (Groundball, 34D, EV 101.9 MPH)
|
|
Batting: RHB Henry Janssen
|
Balk! Jeff Hall to second 0-0: Ball 1-0: Ball 2-0: Foul Ball, location: 2F 2-1: Foul Ball, location: 2F 2-2: Foul Ball, location: 2F 2-2: Ball 3-2: Foul Ball, location: 2F 3-2: Fly out, F9 (Flyball, 9, EV 92.5 MPH)
|
|
Batting: SHB Donnie Hill
|
0-0: Swinging Strike 0-1: Swinging Strike 0-2: Fly out, F6 (Popup, 6M, EV 73.1 MPH)
|
|
Batting: LHB Mark Salas
|
0-0: Called Strike 0-1: Foul Ball, location: 2F 0-2: Ball 1-2: Fly out, F8 (Flyball, 8LS, EV 81.3 MPH)
|
| Top of the 6th over - 0 runs, 1 hit, 0 errors, 1 left on base; Danville 0 - Quad Cities 4 |
| BOTTOM OF THE 6TH |
|
Quad Cities Angels batting - Pitching for Danville Veterans : LHP Donald Johnson
|
|
Batting: RHB Greg Griffin
|
0-0: Ball 1-0: Fly out, F8 (Flyball, 8LS, EV 88.8 MPH)
|
|
Batting: RHB Oscar Mejia
|
0-0: Ground out 5-3 (Groundball, 56S, EV 74.4 MPH)
|
|
Batting: RHB Craig Walck
|
0-0: Ball 1-0: Foul Ball, location: 2F 1-1: Ball 2-1: Ball 3-1: Base on Balls
|
|
Batting: RHB Vito Lucarelli
|
0-0: Swinging Strike 0-1: Fly out, F7 (Flyball, 7D, EV 98.8 MPH)
|
| Bottom of the 6th over - 0 runs, 0 hits, 0 errors, 1 left on base; Danville 0 - Quad Cities 4 |
| TOP OF THE 7TH |
|
Danville Veterans batting - Pitching for Quad Cities Angels : RHP Junior Phillips
|
|
Batting: RHB Barry Brunenkant
|
0-0: Called Strike 0-1: Ball 1-1: Swinging Strike 1-2: Ball 2-2: Strikes out swinging
|
|
Batting: RHB Robert Gauci
|
0-0: Ball 1-0: Foul Ball, location: 2F 1-1: Foul Ball, location: 2F 1-2: Ball 2-2: Strikes out swinging
|
|
Batting: RHB Ed Saavedra
|
0-0: Ball 1-0: SINGLE (Line Drive, 34D, EV 97.5 MPH)
|
|
Batting: RHB Vincent Pone
|
0-0: SINGLE (Groundball, 6MD, EV 98.8 MPH) Ed Saavedra to second Runner from 2nd tries for 3rd, SAFE, throw by CF made to third
|
|
Batting: RHB Jeff Moronko
|
0-0: Fly out, F8 (Flyball, 89M, EV 85.6 MPH)
|
| Top of the 7th over - 0 runs, 2 hits, 0 errors, 2 left on base; Danville 0 - Quad Cities 4 |
| BOTTOM OF THE 7TH |
|
Quad Cities Angels batting - Pitching for Danville Veterans : LHP Donald Johnson
|
|
Batting: SHB Frank Diaz
|
0-0: Ball 1-0: Ground out U3 (Groundball, 34S, EV 70.6 MPH)
|
|
Batting: LHB Matteo Allucingoli
|
0-0: SINGLE (Line Drive, 9, EV 88.8 MPH)
|
|
Batting: RHB Mike Sharperson
|
0-0: Called Strike 0-1: Foul Ball, location: 2F 0-2: Ball 1-2: Ball 2-2: Ball 3-2: Fly out, F8 (Flyball, 8RS, EV 83.1 MPH)
|
|
Batting: RHB Rolando Roomes
|
0-0: Called Strike 0-1: Ball 1-1: SINGLE (Flyball, 6D, EV 94.4 MPH) Matteo Allucingoli to second
|
|
Batting: LHB Bob Helsom
|
0-0: Called Strike 0-1: SINGLE (Line Drive, 5D, EV 103.8 MPH) Matteo Allucingoli to third Rolando Roomes to second Runner from 3rd tries for Home, SAFE, throw by LF to home
|
|
Batting: RHB Greg Griffin
|
0-0: Ball 1-0: Ball 2-0: Foul Ball, location: 2F 2-1: Ball 3-1: Base on Balls Rolando Roomes to third Bob Helsom to second
|
|
Batting: RHB Oscar Mejia
|
0-0: Ball 1-0: Fielders Choice at 2nd, 5-4 (Groundball, 56, EV 85.0 MPH)
|
| Bottom of the 7th over - 1 run, 3 hits, 0 errors, 3 left on base; Danville 0 - Quad Cities 5 |
| TOP OF THE 8TH |
|
Danville Veterans batting - Pitching for Quad Cities Angels : RHP Junior Phillips
|
|
Batting: RHB Jeff Hall
|
0-0: Fly out, F7 (Flyball, 78M, EV 91.9 MPH)
|
|
Batting: RHB Henry Janssen
|
0-0: Ball 1-0: Foul Ball, location: 2F 1-1: Foul Ball, location: 2F 1-2: Ball 2-2: Ball 3-2: Foul Ball, location: 2F 3-2: Fly out, F8 (Line Drive, 8RM, EV 89.4 MPH)
|
|
Batting: SHB Donnie Hill
|
0-0: Ball 1-0: Ball 2-0: Ball 3-0: Base on Balls
|
|
Batting: LHB Mark Salas
|
0-0: Ball 1-0: Foul Ball, location: 2F 1-1: Ball 2-1: Fly out, F7 (Flyball, 7D, EV 95.6 MPH)
|
| Top of the 8th over - 0 runs, 0 hits, 0 errors, 1 left on base; Danville 0 - Quad Cities 5 |
| BOTTOM OF THE 8TH |
|
Quad Cities Angels batting - Pitching for Danville Veterans : LHP Donald Johnson
|
|
Batting: RHB Craig Walck
|
0-0: Called Strike 0-1: Foul Ball, location: 2F 0-2: Ball 1-2: Foul Ball, location: 2F 1-2: Foul Ball, location: 2F 1-2: Strikes out swinging
|
|
Batting: RHB Vito Lucarelli
|
0-0: Ball 1-0: SOLO HOME RUN (Flyball, 7LD, EV 103.1 MPH), Distance : 366 ft
|
|
Pitching: RHP Dave W Smith
|
|
|
Batting: SHB Frank Diaz
|
0-0: Ball 1-0: Called Strike 1-1: Ball 2-1: Ball 3-1: Base on Balls
|
|
Batting: LHB Matteo Allucingoli
|
0-0: Reached on error, E4 (Groundball, 4MS, EV 79.4 MPH) Frank Diaz to second
|
|
Batting: RHB Mike Sharperson
|
0-0: Called Strike Frank Diaz steals 3rd base 0-1: Foul Ball, location: 2F 0-2: Ball 1-2: Ball 2-2: Foul Ball, location: 2F 2-2: Fly out, F9 (Flyball, 9D, EV 103.1 MPH) Runner from 3rd tags up, SCORES, no throw by RF
|
|
Batting: RHB Rolando Roomes
|
0-0: Ball 1-0: Ball 2-0: Called Strike 2-1: Foul Ball, location: 2F 2-2: Foul Ball, location: 2F 2-2: Ball 3-2: Foul Ball, location: 2F 3-2: Strikes out swinging
|
| Bottom of the 8th over - 2 runs, 1 hit, 1 error, 1 left on base; Danville 0 - Quad Cities 7 |
| TOP OF THE 9TH |
|
Danville Veterans batting - Pitching for Quad Cities Angels : RHP Junior Phillips
|
|
Pinch Hitting: RHB Robert Triplett
|
0-0: Ball 1-0: Called Strike 1-1: Foul Ball, location: 2F 1-2: Fly out, F3 (Popup, 23F, EV 87.5 MPH)
|
|
Batting: RHB Robert Gauci
|
0-0: Ground out 1-3 (Groundball, P, EV 71.3 MPH)
|
|
Pinch Hitting: LHB Geoffrey Nash
|
0-0: Ball 1-0: Ground out U3 (Groundball, 3, EV 84.4 MPH)
|
| Top of the 9th over - 0 runs, 0 hits, 0 errors, 0 left on base; Danville 0 - Quad Cities 7 |
|